 Dungeon Crawl Stone Soup version 0.19.0 (webtiles) character file.

2094 Kullungy the Grappler (level 9, 0/85 HPs)
             Began as a Troll Monk on Nov 1, 2016.
             Was an Elder of Okawaru.
             Slain by an orc wizard
             ... wielding a +0 dagger
              (2 damage)
             ... on level 8 of the Dungeon.
             The game lasted 00:35:56 (6364 turns).

Kullungy the Grappler (Troll Monk)                  Turns: 6364, Time: 00:35:57

Health: 0/85       AC:  6    Str: 24    XL:     9   Next: 7%
Magic:  7/7        EV: 12    Int:  4    God:    Okawaru [****..]
Gold:   446        SH:  0    Dex: 14    Spells: 0 memorised, 8 levels left

rFire  . . .     SeeInvis .       - Unarmed
rCold  . . .     Gourm    +     a - +1 robe
rNeg   . . .     Faith    .     (no shield)
rPois  .         Spirit   .     (helmet restricted)
rElec  .         Reflect  .     (no cloak)
rCorr  .         Harm     .     (gloves unavailable)
MR     .....                    (boots unavailable)
Stlth  ++........               F - amulet of magic regeneration
                                (no ring)
                                (no ring)

@: no status effects
A: unfitting armour, claws 3, agile 1, dopey 1, fast metabolism 3, gourmand, low
mp 1, regeneration 1, shaggy fur 1, tough skin 2
a: Heroism, Renounce Religion


You were on level 8 of the Dungeon.
You worshipped Okawaru.
Okawaru was greatly pleased with you.
You were full.

You visited 2 branches of the dungeon, and saw 9 of its levels.

You collected 446 gold pieces.

Inventory:

Hand Weapons
 d - a +0 long sword
 e - a +0 long sword
 g - a +0 spear
 h - a cursed -2 dagger
 m - a +0 shortbow
 u - a +0 blowgun
 x - a +0 spear
 Z - a +0 lajatang
Missiles
 j - 4 needles of confusion
 k - 201 stones (quivered)
 r - 8 javelins
 z - a throwing net
 A - 40 sling bullets
 B - 6 needles of frenzy
 D - 35 poisoned needles
 L - 35 arrows
 W - 60 bolts
Armour
 a - a +1 robe (worn)
Jewellery
 E - an uncursed ring of teleportation
 F - an amulet of magic regeneration (around neck)
Wands
 l - a wand of digging (9/24)
 t - a wand of confusion (23/48)
 H - a wand of disintegration (4/24)
 Q - a wand of confusion (19/48)
Scrolls
 n - 3 scrolls of noise
 p - 5 scrolls of teleportation
 q - 2 scrolls of random uselessness
 I - a scroll of identify
 J - a scroll of magic mapping {unknown}
Potions
 c - a potion of haste
 f - a potion of cure mutation
 i - 2 potions of degeneration
 s - 4 potions of curing
 v - a potion of invisibility
 w - a potion of mutation
 G - 2 potions of lignification
Books
 y - a book of Minor Magic

   Spells                             Type                      Level
   a - Magic Dart                     Conjuration                  1
   b - Blink                          Translocation                2
   c - Call Imp                       Summoning                    2
   d - Repel Missiles                 Charms/Air                   2
   e - Slow                           Hexes                        2
   f - Conjure Flame                  Conjuration/Fire             3
   g - Mephitic Cloud                 Conjuration/Poison/Air       3
Comestibles
 b - 3 bread rations
 C - 2 meat rations
 K - 4 fruits
 O - 4 beef jerkies
 X - 3 slices of pizza


   Skills:
 * Level 4.6 Fighting
 + Level 5.3 Dodging
 + Level 2.2 Stealth
 + Level 9.2 Unarmed Combat


You had 8 spell levels left.
You didn't know any spells.

Dungeon Overview and Level Annotations

Branches:
Dungeon (8/15)             Temple (1/1) D:5
   Lair: D:8-11

Altars:
Ashenzari
Cheibriados
Dithmenos
Elyvilon
Fedhas
Gozag
Hepliaklqana
Kikubaaqudgha
Makhleb
Nemelex Xobeh
Okawaru
Qazlal
Ru
Sif Muna
Trog
Uskayaw
Vehumet
Xom
Yredelemnul
Zin
The Shining One


Innate Abilities, Weirdness & Mutations

You are too large for most types of armour.
You have claws for hands.
Your metabolism is lightning-fast.
You like to eat raw meat.
Your natural rate of healing is unusually fast.
You are covered in fur. (AC +1)
You have very tough skin. (AC +2)
You are agile. (Dex +2)
You are dopey. (Int -2)
Your magical capacity is low. (-10% MP)


Message History

* * * LOW HITPOINT WARNING * * *
Things that are here:
a flail; an orc corpse You claw the two-headed ogre!
The two-headed ogre is severely wounded.
The two-headed ogre hits you with a giant spiked club!
* * * LOW HITPOINT WARNING * * *
The two-headed ogre misses you. Something hits you but does no damage.
Zapping:
H - a wand of disintegration (will waste charges)
Press: ? - help, Shift-Dir - straight line, f - two-headed ogre
Aim: a two-headed ogre, wielding a giant spiked club and a giant club (severely wounded, chance to defeat MR: 48%)
The two-headed ogre is blasted.
Evoking this partially-identified wand wasted a few charges.
Something hits you but does no damage.
You claw something! The two-headed ogre closely misses you.
The two-headed ogre hits you with a giant club.
* * * LOW HITPOINT WARNING * * *
Something hits you.
You die...

#########
......).
######.....##.
#...O@........
#.#)##........
#).[).......
#.##........
#<##........
#######.....
..... .... ...


You could see a two-headed ogre.

Vanquished Creatures
  A hippogriff (D:6)
  Menkaure (D:4)
  An orc warrior (D:8)
  A black bear (D:7)
  3 phantoms
  An ogre (D:7)
  A centaur (D:5)
  A big kobold (D:5)
  3 bullfrogs
  A wyvern skeleton (D:7)
  A scorpion (D:5)
  4 howler monkeys
  A crimson imp (D:7)
  A bullfrog zombie (D:6)
  2 hounds
  A jelly (D:6)
  2 orc wizards
  Ijyb (D:2)
  An iguana (D:5)
  2 worker ants
  A hound zombie (D:5)
  7 gnolls
  13 adders
  A shadow imp (D:5)
  An ooze (D:3)
  An adder zombie (D:6)
  2 worms
  6 leopard geckos
  22 orcs
  4 giant cockroaches
  11 hobgoblins
  5 jackals
  4 quokkas
  A ball python (D:3)
  4 bats
  5 frilled lizards
  7 goblins
  25 kobolds
  A quokka zombie (D:5)
  4 rats
  5 plants (D:5)
160 creatures vanquished.

Notes
Turn   | Place    | Note
-------+----------+-------------------------------------------
     0 | D:1      | Kullungy the Troll Monk began the quest for the Orb.
     0 | D:1      | Reached XP level 1. HP: 22/22 MP: 0/0
   199 | D:1      | Reached XP level 2. HP: 26/29 MP: 1/1
   857 | D:2      | Found an opulent altar of Gozag.
   958 | D:2      | Reached XP level 3. HP: 26/36 MP: 2/2
  1097 | D:2      | Noticed Ijyb
  1110 | D:2      | Killed Ijyb
  1128 | D:2      | Found a white marble altar of Elyvilon.
  1137 | D:2      | Reached XP level 4. HP: 39/44 MP: 3/3
  1405 | D:3      | Found a shadowy altar of Dithmenos.
  1406 | D:3      | Found a glowing golden altar of the Shining One.
  1407 | D:3      | Found a blossoming altar of Fedhas.
  1408 | D:3      | Found an iron altar of Okawaru.
  1432 | D:3      | Reached skill level 4 in Unarmed Combat
  1441 | D:3      | Became a worshipper of Warmaster Okawaru
  1441 | D:3      | Reached * piety under Okawaru
  1441 | D:3      | Reached ** piety under Okawaru
  2024 | D:3      | Found a sparkling altar of Nemelex Xobeh.
  2027 | D:3      | Reached XP level 5. HP: 50/52 MP: 4/4
  2336 | D:4      | Noticed Menkaure
  2350 | D:4      | Killed Menkaure
  2350 | D:4      | Reached skill level 5 in Unarmed Combat
  2350 | D:4      | Reached XP level 6. HP: 28/61 MP: 5/5
  2511 | D:4      | Reached skill level 6 in Unarmed Combat
  2766 | D:4      | You fall through a shaft for 3 floors!
  2825 | D:6      | Reached XP level 7. HP: 55/67 MP: 6/6
  2943 | D:6      | Found a stormy altar of Qazlal.
  3147 | D:6      | Noticed a hippogriff
  3156 | D:6      | Killed a hippogriff
  3156 | D:6      | Reached *** piety under Okawaru
  3156 | D:6      | Reached skill level 7 in Unarmed Combat
  3549 | D:5      | Entered Level 5 of the Dungeon
  4256 | D:5      | Reached XP level 8. HP: 53/78 MP: 7/7
  4802 | D:5      | Found a staircase to the Ecumenical Temple.
  4818 | Temple   | Entered the Ecumenical Temple
  5191 | D:5      | Reached skill level 8 in Unarmed Combat
  5560 | D:7      | Gained mutation: You are agile. (Dex +2) [potion of mutation]
  5560 | D:7      | Gained mutation: Your magical capacity is low. (-10% MP) [potion of mutation]
  5560 | D:7      | Gained mutation: You are dopey. (Int -2) [potion of mutation]
  5784 | D:7      | Reached **** piety under Okawaru
  5785 | D:7      | Reached skill level 5 in Dodging
  6008 | D:7      | Received a gift from Okawaru
  6046 | D:7      | Reached skill level 9 in Unarmed Combat
  6334 | D:8      | Noticed a two-headed ogre
  6340 | D:8      | Reached XP level 9. HP: 66/85 MP: 7/7
  6360 | D:8      | HP: 4/85 [two-headed ogre/giant spiked club (14)]
  6364 | D:8      | Slain by an orc wizard

Skill      XL: |  1  2  3  4  5  6  7  8 |
---------------+-------------------------+-----
Dodging        | 3 4 5 |  5.3
Unarmed Combat | 4 5 6 7 9 |  9.2
Fighting       | 3 4 |  4.6
Stealth        | 2 |  2.2

Action                   |  1- 3 |  4- 6 |  7- 9 || total
-------------------------+-------+-------+-------++-------
Melee: Unarmed           |    96 |   117 |   289 ||   502
       Punch             |     1 |     1 |     8 ||    10
Invok: Heroism           |       |       |     1 ||     1
Evoke: Wand              |       |       |     1 ||     1
  Use: Potion            |       |     1 |     8 ||     9
       Scroll            |       |    11 |     6 ||    17
 Stab: Sleeping          |     1 |       |     3 ||     4
  Eat: Chunk             |     7 |    16 |    27 ||    50
       Meat ration       |       |       |     1 ||     1
       Bread ration      |       |       |     1 ||     1
Armor: Robe              |    26 |    22 |    51 ||    99
Dodge: Dodged            |    39 |    60 |   153 ||   252
